 Dungeon Crawl Stone Soup version 0.25.1-2-g60ff931df9 (webtiles) character file.

Game seed: 5698869530296956561

325 SpoonFarmer the Chopper (level 6, -11/56 HPs)
             Began as a Minotaur Berserker on Nov 14, 2020.
             Was a Priest of Trog.
             Mangled by an ogre
             ... wielding a +0 giant club
              (13 damage)
             ... on level 5 of the Dungeon.
             The game lasted 00:03:23 (2540 turns).

SpoonFarmer the Chopper (Minotaur Berserker)        Turns: 2540, Time: 00:03:25

Health: -11/56     AC: 10    Str: 21 (22) XL:     6   Next: 24%
Magic:  5/5        EV:  9    Int:  2 (4)  God:    Trog [***...]
Gold:   171        SH:  0    Dex: 16 (17) Spells: 5/5 levels left

rFire    . . .     SeeInvis .   a - +1 hand axe
rCold    . . .     Gourm    .   (no shield)
rNeg     . . .     Faith    .   e - +1 chain mail (curse)
rPois    .         Spirit   .   (helmet restricted)
rElec    .         Reflect  .   (no cloak)
rCorr    .         Harm     .   (no gloves)
MR       .....                  (no boots)
Stlth    ..........             (no amulet)
HPRegen  0.18/turn              b - +6 ring of dexterity
MPRegen  0.09/turn              i - ring of attention (curse)

@: lethally poisoned (-11 -> -14), berserk cooldown
A: retaliatory headbutt, horns 2
a: Berserk, Trog's Hand, Renounce Religion


You were on level 5 of the Dungeon.
You worshipped Trog.
Trog was most pleased with you.
You were hungry.

You visited 1 branch of the dungeon, and saw 5 of its levels.

You collected 171 gold pieces.

Inventory:

Hand Weapons
 a - a +1 hand axe (weapon)
Armour
 e - a cursed +1 chain mail (worn)
Jewellery
 b - a +6 ring of dexterity (left hand)
 i - a cursed ring of attention (right hand)
Scrolls
 h - 2 scrolls of identify
 k - a scroll of enchant weapon
Comestibles
 c - 6 rations
 d - 8 chunks of flesh


   Skills:
 + Level 5.0 Fighting
 * Level 7.2 Axes
 + Level 3.6 Armour
 - Level 2.1 Dodging


You had 5 spell levels left.
You didn't know any spells.
Your spell library was empty.

Dungeon Overview and Level Annotations

Branches:
Dungeon (5/15)             Temple (0/1) D:4

Altars:
Ashenzari


Innate Abilities, Weirdness & Mutations

You reflexively headbutt those who attack you in melee.
You have a pair of horns on your head.


Message History

The ogre shouts!
* * * LOW HITPOINT WARNING * * *
You feel sick.
A giant cockroach comes into view.
A gnoll comes into view. It is wielding a +0 flail.
A gnoll comes into view.
* * * LOW HITPOINT WARNING * * *
You feel sick.
The gnoll shouts!
You hear a shout!
You hear an angry hiss.
You hear a shout!
* * * LOW HITPOINT WARNING * * *
You feel sick. The ogre closely misses you.
You slash the giant cockroach!
You kill the giant cockroach!
Trog accepts your kill.
Your Fighting skill increases to level 5!
You hit the ogre.
* * * LOW HITPOINT WARNING * * *
You feel sick. The ogre hits you with a +0 giant club!
You die...

#+ #.# .... # #.# .#
....## #. #.# ..#
....# #.##.#####...#
...###....@†g....#
#..........O.....#
#..####.#........#
#..## #..........#
#...# #.#.########
#.#.###.#.#####
#.#..##.#.....# ##
#.##.##.#.....#
.######.##)##.......+


You could see an ogre and a gnoll.

Vanquished Creatures
  An orc wizard (D:5)
  2 orc priests
  A hound skeleton (D:4)
  8 gnolls
  3 adders
  An ooze (D:1)
  3 worms
  7 dart slugs
  A leopard gecko (D:4)
  11 orcs
  A ball python (D:1)
  8 giant cockroaches
  6 hobgoblins
  2 jackals (D:1)
  7 kobolds
  A quokka (D:2)
  A ball python skeleton (D:5)
  10 bats
  6 frilled lizards
  6 goblins
  A leopard gecko skeleton (D:4)
  5 rats
92 creatures vanquished.

Notes
Turn   | Place    | Note
-------+----------+-------------------------------------------
     0 | D:1      | SpoonFarmer the Minotaur Berserker began the quest for the
                  | Orb.
     0 | D:1      | Reached XP level 1. HP: 19/19 MP: 0/0
    60 | D:1      | Reached skill level 4 in Axes
    60 | D:1      | Reached XP level 2. HP: 22/27 MP: 1/1
   304 | D:1      | Reached XP level 3. HP: 33/33 MP: 2/2
   376 | D:1      | Reached ** piety under Trog
   807 | D:2      | Reached skill level 5 in Axes
   899 | D:2      | Reached XP level 4. HP: 41/41 MP: 3/3
  1670 | D:4      | Reached skill level 6 in Axes
  1670 | D:4      | Reached XP level 5. HP: 47/47 MP: 4/4
  1918 | D:4      | Found a shattered altar of Ashenzari.
  1937 | D:4      | Reached *** piety under Trog
  2052 | D:4      | Found a staircase to the Ecumenical Temple.
  2431 | D:5      | Entered Level 5 of the Dungeon
  2510 | D:5      | Reached skill level 7 in Axes
  2510 | D:5      | Reached XP level 6. HP: 55/55 MP: 5/5
  2540 | D:5      | Reached skill level 5 in Fighting
  2540 | D:5      | HP: 2/56 [poisoned by an orc wizard]
  2540 | D:5      | Mangled by an ogre

Illustrated notes

Levels and vault maps discovered:
D:1:      doesnt_arrival_eight_statues, layout_rooms, chequers_decorated_corner
D:2:      layout_rooms, minmay_misc_feat_x, chequers_garden
D:3:      lemuel_upstairs_altar, layout_rooms
D:4:      layout_cave_pools, kennysheep_mini_moat, temple_fountains,
          kennysheep_opposing_triangles
D:5:      layout_basic, first_ration, chequers_jeans

Skill      XL: |  1  2  3  4  5  6 |
---------------+-------------------+-----
Axes           | 4 5 6 7 |  7.2
Fighting       | 4 5 |  5.0
Armour         | 3 |  3.6
Dodging        | |  2.1

Action                   |  1- 3 |  4- 6 || total
-------------------------+-------+-------++-------
Melee: Hand axe          |    82 |    89 ||   171
       Headbutt          |    13 |    20 ||    33
Invok: Berserk           |     1 |     3 ||     4
  Use: Scroll            |     4 |     3 ||     7
       Potion            |       |     4 ||     4
  Eat: Chunk             |     1 |     7 ||     8
Armor: Animal skin       |     3 |       ||     3
       Chain mail        |    37 |    41 ||    78
Dodge: Dodged            |    33 |    40 ||    73
